 Dungeon Crawl Stone Soup version 0.13-a0-2527-g93fcdc4 (webtiles) character file.

80 Bruce the Firebug (level 2, 0/15 HPs)
             Began as a Deep Elf Fire Elementalist on July 25, 2013.
             Slain by a worker ant (3 damage)
             ... on Level 4 of the Dungeon.
             The game lasted 00:01:47 (489 turns).

Bruce the Firebug (Deep Elf Fire Elementalist)       Turns: 489, Time: 00:01:47

HP   0/15        AC  2     Str  5      XL: 2   Next: 48%
MP   1/7         EV 13     Int 19      God:
Gold 62          SH  0     Dex 15      Spells:  1 memorised,  5 levels left

Res.Fire  : . . .   See Invis. : .   e - +0 dagger
Res.Cold  : . . .   Warding    : .   a - +0 elf robe
Life Prot.: . . .   Conserve   : .   (no shield)
Res.Poison: .       Res.Corr.  : .   (no helmet)
Res.Elec. : .       Clarity    : .   (no cloak)
Sust.Abil.: . .     Spirit.Shd : .   (no gloves)
Res.Mut.  : .       Stasis     : .   (no boots)
Res.Rott. : .       Flight     : .   (no amulet)
Saprovore : . . .                    (no ring)
                                     (no ring)

@: not resistant to hostile enchantments, fairly stealthy
A: no striking features
a: no special abilities


You were on level 4 of the Dungeon.
You were not hungry.

You visited 1 branch of the dungeon, and saw 4 of its levels.

You collected 42 gold pieces.

Inventory:

Hand weapons
 e - a +0,+0 dagger (weapon)
Armour
 a - a +0 elven robe (worn)
Comestibles
 c - 3 bread rations
 d - a rambutan
 l - a meat ration
Scrolls
 f - a scroll of curse jewellery {unknown}
 h - a scroll of identify {unknown}
 j - a scroll of recharging {unknown}
 k - a scroll of remove curse {unknown}
 m - a scroll of fog {unknown}
Potions
 g - a potion of beneficial mutation {unknown}
 i - a potion of curing {unknown}
Books
 b - a book of Flames

   Spells                             Type                      Level
   *Flame Tongue                      Conjuration/Fire             1
   Throw Flame                        Conjuration/Fire             2
   Conjure Flame                      Conjuration/Fire             3
   Inner Flame                        Hexes/Fire                   3
   Sticky Flame                       Conjuration/Fire             4
   Fireball                           Conjuration/Fire             5


   Skills:
 - Level 2.4 Dodging
 - Level 2.4 Stealth
 * Level 2.5 Spellcasting
 + Level 1.3 Conjurations
 + Level 3.7 Fire Magic


You had 5 spell levels left.
You knew the following spells:

 Your Spells              Type           Power        Failure   Level  Hunger
a - Flame Tongue          Conj/Fire      ##...        8%          1    #......


Dungeon Overview and Level Annotations

Branches:
Dungeon (4/27)
 Temple: D:4-7

Altars:
Nemelex Xobeh

Annotations
D:3 Terence


Message History

The worker ant misses you.
Casting: Flame Tongue
Confirm with . or Enter, or press ? or * to list all spells.
Aiming: Flame Tongue
Press: ? - help, Shift-Dir - straight line, f/p - hobgoblin
Aim: a hobgoblin (severely wounded)
The flame hits the worker ant.
The worker ant appears unharmed.
The worker ant is lightly wounded.
The worker ant bites you.
* * * LOW HITPOINT WARNING * * *
The worker ant misses you.
Casting: Flame Tongue
Confirm with . or Enter, or press ? or * to list all spells.
Aiming: Flame Tongue
Press: ? - help, Shift-Dir - straight line, f/p - hobgoblin
Aim: a hobgoblin (severely wounded)
The flame hits the hobgoblin.
You kill the hobgoblin!
The worker ant bites you.
You die...

...............................
.......................#...#....
...............#...........#...#
..........................##....
.........######...........##....
.........# #............##....
.........### #.............#####
...........# #.............#
..........####@...........#
.............a.........#### ##
.......................## . #.
.......................# ...#.
......................##...#.
............................
...........................
..........................
.........................


You could see a worker ant.

Vanquished Creatures
  An iguana skeleton (D:4)
  2 bats (D:1)
  2 giant cockroaches
  4 goblins (D:1)
  2 hobgoblins (D:4)
  2 kobolds
13 creatures vanquished.

Notes
Turn   | Place    | Note
--------------------------------------------------------------
     0 | D:1      | Bruce, the Deep Elf Fire Elementalist, began the quest for the Orb.
     0 | D:1      | Reached XP level 1. HP: 10/10 MP: 4/4
   110 | D:1      | Reached XP level 2. HP: 6/15 MP: 7/7
   235 | D:2      | Found a sparkling altar of Nemelex Xobeh.
   240 | D:3      | Noticed Terence
   489 | D:4      | Slain by a worker ant

Action                   || total
-------------------------++-------
Melee: Dagger            ||     8
 Cast: Flame Tongue      ||    27
